 Dungeon Crawl Stone Soup version 0.31-a0-365-gcf821cafb2 (webtiles) character file.

Game seed: 1727589037365667250

165 LeprechaunX the Ruffian (level 5, -2/35 HPs)
             Began as an Octopode Shapeshifter on July 27, 2023.
             Was an Initiate of Hepliaklqana.
             Slain by a gnoll
             ... wielding a +0 spear
              (4 damage)
             ... on level 4 of the Dungeon.
             The game lasted 00:02:50 (2811 turns).

LeprechaunX the Ruffian (Octopode Shapeshifter)     Turns: 2811, Time: 00:02:51

Health: -2/35      AC:  1    Str: 17    XL:     5   Next: 46%
Magic:  5/5        EV: 13    Int: 10    God:    Hepliaklqana [......]
Gold:   180        SH:  0    Dex: 12    Spells: 4/4 levels left

rFire   + .          .
                       - Unarmed
rCold   . . .        (no shield)
rNeg    . . .        (helmet currently unavailable)
rPois   .            (no amulet)
rElec   .            j - ring of protection from fire
rCorr   .            (no ring)
SInv    .            (no ring)
Will    .....        (no ring)
Stlth   ++           (no ring)
HPRegen 0.25/turn    (no ring)
MPRegen 0.09/turn    (no ring)
                     (no ring)

%: no passive effects
@: beast-form
A: beast (slay +2), almost no armour, amphibious, 8 rings, camouflage 1,
gelatinous body 1, (nimble swimmer 1), tentacles
a: Begin Untransformation, Renounce Religion


You were on level 4 of the Dungeon.
You worshipped Hepliaklqana.
Hepliaklqana was noncommittal.
You were a hulking beast.
You visited 2 branches of the dungeon, and saw 5 of its levels.

You collected 180 gold pieces.

Inventory:

Missiles
 g - 7 boomerangs (quivered)
Jewellery
 j - a ring of protection from fire (left tentacle)
 v - a ring of willpower
Talismans
 b - a beast talisman
Wands
 r - a wand of acid (9)
Scrolls
 c - 2 scrolls of fear {unknown}
 e - 3 scrolls of teleportation {unknown}
 f - a scroll of vulnerability {unknown}
 h - 6 scrolls of identify {unknown}
 i - 2 scrolls of poison {unknown}
 k - a scroll of brand weapon {unknown}
 l - 2 scrolls of revelation {unknown}
 n - a scroll of summoning {unknown}
 s - a scroll of noise {unknown}
 u - a scroll of blinking {unknown}
Potions
 a - 2 potions of lignification
 d - a potion of resistance {unknown}
 m - a potion of heal wounds {unknown}
 o - a potion of mutation {unknown}
 p - a potion of cancellation {unknown}
 q - a potion of attraction {unknown}
 t - a potion of curing {unknown}


   Skills:
 + Level 2.5 Fighting
 - Level 2.0 Dodging
 * Level 4.7 Unarmed Combat
 + Level 3.6 Shapeshifting


You had 4 spell levels left.
You didn't know any spells.
Your spell library contained the following spells:

 Spells                   Type           Power      Damage    Failure   Level
 Apportation              Tloc           0%         N/A       36%         1
 Necrotise                Necr           0%         1d4       36%         1
 Summon Small Mammal      Summ           0%         N/A       36%         1
 Ozocubu's Armour         Ice            0%         N/A       75%         3
 Metabolic Englaciation   Hex/Ice        0%         N/A       100%        5
 Simulacrum               Ice/Necr       0%         N/A       100%        6


Dungeon Overview and Level Annotations

Branches:
Dungeon (4/15)             Temple (1/1) D:4

Altars:
Ashenzari
Dithmenos
Gozag
Hepliaklqana
Kikubaaqudgha
Makhleb
Nemelex Xobeh
Okawaru
Qazlal
Uskayaw
Vehumet
Wu Jian
Xom
Yredelemnul
Zin
The Shining One

Shops:
D:2 *


Innate Abilities, Weirdness & Mutations

You are a hulking beast.
Your limbs bulge with bestial killing power. (Slay +2)
You cannot wear most types of armour.
You are amphibious.
You can wear up to eight rings at the same time.
Your skin changes colour to match your surroundings (Stealth+).
Your rubbery body absorbs attacks. (AC +1, EV +1)
((You are camouflaged when in or above water. (Stealth+)))
You have tentacles for arms and can constrict up to eight enemies at once.


Message History

No target in view!
No target in view!
No target in view!
No target in view!
No target in view!
No target in view!
No target in view!
No target in view!
HP restored.
You open the door.
A worm, 2 kobolds and a gnoll come into view.
A kobold is wielding a +0 short sword and quivering poisoned darts.
Found a scroll labelled EXKIZUTYUL.
There are monsters nearby!
There are monsters nearby!
There are monsters nearby!
Unknown command.
You swing at nothing.
You bludgeon the kobold!
You kill the kobold!
You swing at nothing.
The gnoll hits you from afar with a +0 spear.
You swing at nothing.
The gnoll hits you from afar with a +0 spear!
You swing at nothing.
The gnoll barely misses you.
Things that are here:
a +0 short sword; 8 poisoned darts You barely miss the gnoll.
Your grab misses the gnoll. The gnoll hits you with a +0 spear!
You barely miss the gnoll. Your grab misses the gnoll. You squeeze the gnoll.
The gnoll is lightly wounded.
The gnoll barely misses you. The worm bites you.
You tentacle-slap the gnoll but do no damage.
Your grab misses the gnoll.
The gnoll is lightly wounded.
The gnoll closely misses you. The worm bites you!
* * * LOW HITPOINT WARNING * * *
The gnoll hits you from afar with a +0 spear.
You die...

######..#####.#####.
..............##.... ###
###.....####.##.... ..#
##...##.?#.##.... #.#
.## ##.##...#.....#. #.#
... #.#K..##.###... #.#
#.. +#.#'.# ...##... #.#
##...###w..###.........
#.#
#.....h)g8........##...
#.#
......###...###....##...
#.# .##.. +#.#+ ........
#.# ...# #.# #......#
#.# .##.# ##.## #...##
..### .##.# ##...##
#...#### .)..#
.##.####.....####..<....
.##.# ##.
#.................####
.##.# #..
#.##..............####


You could see a worm and a gnoll.

Vanquished Creatures
  A sleepcap (D:3)
  An adder (D:2)
  7 gnolls
  4 dart slugs
  6 ball pythons
  8 bats
  8 endoplasms
  6 goblins
  4 hobgoblins
  2 jackals (D:1)
  A quokka (D:3)
  7 kobolds
  3 rats
58 creatures vanquished.

Vanquished Creatures (others)
  An angel (D:3)
1 creature vanquished.

Grand Total: 59 creatures vanquished

Notes
Turn   | Place    | Note
-------+----------+-------------------------------------------
     0 | D:1      | LeprechaunX the Octopode Shapeshifter began the quest for
                  | the Orb.
     0 | D:1      | Reached XP level 1. HP: 13/13 MP: 1/1
   261 | D:1      | Reached XP level 2. HP: 18/18 MP: 2/2
   339 | D:1      | Found a faded altar of an unknown god.
   997 | D:2      | Found Sisat's Assorted Antiques.
  1018 | D:2      | Reached XP level 3. HP: 23/23 MP: 3/3
  1168 | D:2      | Reached skill level 4 in Unarmed Combat
  1168 | D:2      | Reached XP level 4. HP: 16/29 MP: 4/4
  1477 | D:2      | Reached XP level 5. HP: 18/34 MP: 5/5
  1828 | D:3      | Found a glowing silver altar of Zin.
  1828 | D:3      | Noticed an angel
  1843 | D:3      | Found a shimmering altar of Xom.
  2009 | D:3      | Found a shadowy altar of Dithmenos.
  2217 | D:3      | Killed an angel
  2366 | D:4      | Found a staircase to the Ecumenical Temple.
  2522 | Temple   | Entered the Ecumenical Temple
  2539 | Temple   | Became a worshipper of Hepliaklqana the Forgotten
  2811 | D:4      | Slain by a gnoll

Illustrated notes

Levels and vault maps discovered:
D:1:      nicolae_arrival_somewhat_less_tricky_arrival, layout_basic,
          ebering_ecumenical_altar_hall
D:2:      layout_rooms, serial_shops, shop
D:3:      layout_loops_ring, nicolae_dithmenos_through_a_glass_darkly,
          grunt_temple_overflow_order_and_chaos_1
D:4:      cheibrodos_barr_body, layout_loops_ring, temple_fountains
Temple:   compressed_dpeg_triangle_lava_temple

Skill      XL: |  1  2  3  4 |
---------------+-------------+-----
Unarmed Combat | 4 |  4.7
Fighting       | 2 |  2.5
Dodging        | |  2.0
Shapeshifting  | |  3.6

Action                     |  1- 3 |  4- 6 || total
---------------------------+-------+-------++-------
  Melee: Unarmed           |    45 |    58 ||   103
         Tentacles         |    12 |    13 ||    25
         Constrict         |    10 |    16 ||    26
         Punch             |     1 |     2 ||     3
  Throw: Boomerang         |       |     6 ||     6
   Stab: Sleeping          |     5 |     3 ||     8
 Armour: Skin              |     4 |     3 ||     7
  Dodge: Dodged            |    22 |    24 ||    46

Table legend: (Time is in decaauts)
 A = Elapsed time spent in this place.
 B = Non-inter-level travel time spent in this place.
 C = Inter-level travel time spent in this place.
 D = Time resting spent in this place.
 E = Time spent auto-exploring this place.
 F = Levels seen in this place.
 G = Mean time per level.
                   A        B        C        D        E       F      G
               +--------+--------+--------+--------+--------+-----+--------+
         Total |   2802 |   2602 |    200 |      0 |   2231 |   5 |  560.4 |
       Dungeon |   2768 |   2602 |    166 |      0 |   2231 |   4 |  692.0 |
        Temple |     34 |      1 |     33 |      0 |      0 |   1 |   34.0 |
               +--------+--------+--------+--------+--------+-----+--------+

Top non-repeatable levels by time:
     D:1: 1044 daAuts
     D:2: 661 daAuts
     D:3: 584 daAuts
     D:4: 477 daAuts
  Temple: 34 daAuts
